 Dungeon Crawl Stone Soup version 0.29-a0-82-g837932c90e (webtiles) character file.

Game seed: 7481235217326946038

7 lordive the Sneak (level 1, 0/9 HPs)
             Began as a Spriggan Enchanter on Feb 5, 2022.
             Slain by a hobgoblin (2 damage)
             ... on level 1 of the Dungeon.
             The game lasted 00:00:43 (969 turns).

lordive the Sneak (Spriggan Enchanter)               Turns: 969, Time: 00:00:44

Health: 0/9        AC:  2    Str:  4    XL:     1   Next: 91%
Magic:  5/5        EV: 17    Int: 16    God:
Gold:   56         SH:  0    Dex: 15    Spells: 6/6 levels left

rFire   . . .      SeeInvis +   a - +1 dagger
rCold   . . .      Faith    .   (no shield)
rNeg    . . .      Spirit   .   b - +0 robe
rPois   .          Reflect  .   (helmet restricted)
rElec   .          Harm     .   (no cloak)
rCorr   .          Rampage  .   (gloves unavailable)
Will    .....                   (boots unavailable)
Stlth   +++.......              (no amulet)
HPRegen 0.03/turn               (no ring)
MPRegen 0.09/turn               (no ring)

@: very quick
A: very small, no large weapons, unfitting armour, see invisible, speed 3
a: no special abilities


You were on level 1 of the Dungeon.
You visited 1 branch of the dungeon, and saw 2 of its levels.

You collected 56 gold pieces.

Inventory:

Hand Weapons
 a - a +1 dagger (weapon)
Armour
 b - a +0 robe (worn)
Scrolls
 d - a scroll of immolation {unknown}
 e - 2 scrolls of teleportation {unknown}
 g - a scroll of fog {unknown}
Potions
 c - a potion of invisibility
 f - a potion of curing {unknown}


   Skills:
 + Level 1.1 Short Blades
 + Level 2.9 Dodging
 + Level 4.6 Stealth
 + Level 3.0 Spellcasting
 + Level 3.7 Hexes


You had 6 spell levels left.
You didn't know any spells.
Your spell library contained the following spells:

 Spells                   Type           Power      Damage    Failure   Level
 Confusing Touch          Hex            14%        N/A       12%         3
 Tukima's Dance           Hex            14%        N/A       12%         3
 Ensorcelled Hibernation  Hex/Ice        16%        N/A       13%         2
 Dazzling Flash           Conj/Hex       16%        N/A       26%         3
 Passage of Golubria      Tloc           2%         N/A       88%         4
 Yara's Violent Unravell  Hex/Tmut       4%         3d4       94%         5


Dungeon Overview and Level Annotations

Branches:
Dungeon (2/15)

Altars:

Shops:
D:2 [


Innate Abilities, Weirdness & Mutations

You are very small and have problems with some larger weapons.
You are too small for most types of armour.
You have supernaturally acute eyesight. (SInv)
You cover ground extremely quickly. (Speed+++)


Message History

The kobold is moderately wounded.
The kobold hits you with a +0 whip.
Ouch! That really hurt!
* * * LOW HITPOINT WARNING * * *
You are too injured to fight recklessly!
You are too injured to fight recklessly!
You are too injured to fight recklessly!
You are too injured to fight recklessly!
You are too injured to fight recklessly!
You are too injured to fight recklessly!
Unknown command.
A kobold is nearby!
There is a stone staircase leading down here.
You climb downwards.
Found 6 gold pieces.
There is a stone staircase leading up here.
You are too injured to fight recklessly!
Found Domoacum's Armour Emporium.
The hobgoblin shouts!
You completely miss the hobgoblin. The hobgoblin completely misses you.
You barely miss the hobgoblin. The hobgoblin misses you.
You closely miss the hobgoblin. The hobgoblin closely misses you.
A hobgoblin comes into view.
The hobgoblin shouts!
You hit the hobgoblin.
The hobgoblin is almost dead.
You hear an angry hiss.
The hobgoblin misses you.
There is a stone staircase leading up here.
The hobgoblin closely misses you.
You climb upwards.
There is a stone staircase leading down here.
Unknown command.
You hit the hobgoblin but do no damage.
The hobgoblin is severely wounded.
The hobgoblin barely misses you.
You hit the hobgoblin.
The hobgoblin is almost dead.
The hobgoblin hits you.
You die...

.# #.# #..# #................. .#
#.# ##.###.#########.#####. .#
#.# #..##.#.........# #> .# #.#
##.##.#.#####...# #. ## #.#
#..#.#.# #.#.# #. # #.# ##.#.#.#
#.#.# #. # #.# #...#.# #.#.# #.
#####.## ##g.#.#####.#.# #.
.......########.@#.......#.# #.
..............)............# #.
.......########...#####..#######.
.......# #...................
######## #.####...#..########
#.#........##
#.#.######.#########
#.#.#...............
#.#.#.##############


You could see a hobgoblin.

Vanquished Creatures
  A goblin (D:1)
  4 jackals (D:1)
  A rat (D:1)
6 creatures vanquished.

Notes
Turn   | Place    | Note
-------+----------+-------------------------------------------
     0 | D:1      | lordive the Spriggan Enchanter began the quest for the Orb.
     0 | D:1      | Reached XP level 1. HP: 9/9 MP: 5/5
   847 | D:1      | Found a faded altar of an unknown god.
   955 | D:2      | Found Domoacum's Armour Emporium.
   969 | D:1      | Slain by a hobgoblin

Illustrated notes

Levels and vault maps discovered:
D:1:      dpeg_arrival_round_c, layout_basic, basic_ecumenical_altar
D:2:      layout_basic, serial_shops, shop, nicolae_shop_bloodbath_and_beyond,
          shop, nicolae_shop_hallway_plus

Skill      XL: |  1 |
---------------+----+-----
Spellcasting   | 3 |  3.0
Short Blades   | |  1.1
Dodging        | |  2.9
Stealth        | |  4.6
Hexes          | |  3.7

Action                   || total
-------------------------++-------
Melee: Dagger            ||    58
Armor: Robe              ||     4
Dodge: Dodged            ||    51

Table legend: (Time is in decaauts)
 A = Elapsed time spent in this place.
 B = Non-inter-level travel time spent in this place.
 C = Inter-level travel time spent in this place.
 D = Time resting spent in this place.
 E = Time spent auto-exploring this place.
 F = Levels seen in this place.
 G = Mean time per level.
                   A        B        C        D        E       F      G
               +--------+--------+--------+--------+--------+-----+--------+
         Total |    671 |    654 |     17 |      0 |    561 |   2 |  335.5 |
       Dungeon |    671 |    654 |     17 |      0 |    561 |   2 |  335.5 |
               +--------+--------+--------+--------+--------+-----+--------+

Top non-repeatable levels by time:
     D:1: 661 daAuts
     D:2: 9 daAuts
